[Event "Titled Tuesday Blitz July 4 Early 2023"]
[White "Sokolov, Andrei"]
[Black "Semenova, Alina"]
[WhiteFideId "11600306"]
[BlackFideId "24113875"]
[WhiteElo "2301"]
[BlackElo "2059"]
[Result "1-0"]
[Round "4"]
[TimeControl "180+2"]
[Date "2023.07.04"]
[WhiteClock "0:00:09"]
[BlackClock "0:00:04"]
[Board "229"]

1. d4 Nf6 2. c4 d6 3. Nc3 g6 4. e4 Bg7 5. h3 O-O 6. Be3 e5 7. d5 Nh5 8. g4 Nf4 9. Qd2 g5 10. Bd3 a6 11. O-O-O Nd7 12. h4 h6 13. hxg5 hxg5 14. f3 Nc5 15. Bc2 f6 16. Qh2 Kf7 17. Bxf4 exf4 18. Qh5+ Ke7 19. Qg6 Rg8 20. Rh7 Qf8 21. Nge2 Qf7 22. Qxf7+ Kxf7 23. Nd4 Bd7 24. Rdh1 Rh8 25. Nce2 a5 26. Nf5 Bxf5 27. gxf5 Rxh7 28. Rxh7 Rh8 29. Rxh8 Bxh8 30. Nd4 Bg7 31. Ne6 Nxe6 32. fxe6+ Ke7 33. Kd2 f5 34. exf5 Bxb2 35. Ke2 Bd4 36. Kf1 Kf6 37. Kg2 Bc5 38. Kh3 Bf2 39. Kg4 Bd4 40. Kh5 c6 41. Be4 c5 42. e7 Kxe7 43. Kxg5 Be5 44. Kg6 Bf6 45. Bc2 Be5 46. Kg5 b6 47. Ba4 Kf7 48. Bc6 Kg7 49. Bd7 Kf7 50. Be6+ Ke7 51. Kg4 Kf6 52. Bd7 Ke7 53. Bc8 Bb2 54. Kxf4 a4 55. Ba6 a3 56. Bb5 Kf6 57. Kg4 Be5 58. f4 Bd4 59. Bd7 Bc3 60. Be6 Bd2 61. Kf3 Bc1 62. Ke4 Bd2 63. Bd7 Bc1 64. Bc6 Bd2 65. Bb5 Bc1 66. Bd7 Bd2 67. Be6 Bc1 68. Kd3 Bxf4 69. Kc3 Be5+ 70. Kb3 Bb2 71. Ka4 Ke5 72. Kb5 Bc1 73. Kxb6 Kd4 74. Kc6 Bf4 75. f6 Bg5 76. f7 Be7 77. Kd7 Bf8 78. Ke8 Bg7 79. f8=Q Bxf8 80. Kxf8 Kxc4 81. Ke7 Kc3 82. Kxd6 c4 83. Kc5 Kb2 84. Kxc4 Kxa2 85. Kb4 Kb2 86. d6 a2 87. Bxa2 Kxa2 88. d7 Kb2 89. d8=Q 1-0


[Site "https://www.chess.com"]

[Event "Titled Tuesday Blitz July 4 Early 2023"]
[White "Blackwhite017"]
[Black "Mendez, Ruddy Antonio"]
[BlackFideId "6403387"]
[WhiteElo "2048"]
[BlackElo "2285"]
[Result "1-0"]
[Round "4"]
[TimeControl "180+2"]
[Date "2023.07.04"]
[WhiteClock "0:00:17"]
[BlackClock "0:01:17"]
[Board "230"]

1. e4 d6 2. d4 e5 3. dxe5 dxe5 4. Qxd8+ Kxd8 5. Nc3 c6 6. Nf3 f6 7. Be3 Nd7 8. O-O-O Kc7 9. Nd2 Bc5 10. Bxc5 Nxc5 11. f3 Ne7 12. Bc4 Ne6 13. Ne2 Bd7 14. Nf1 Rad8 15. Ne3 Ng6 16. g3 Bc8 17. Nf5 Rxd1+ 18. Rxd1 Ng5 19. Ng1 Bxf5 20. exf5 Ne7 21. h4 Nxf5 22. hxg5 Nxg3 23. gxf6 gxf6 24. Ne2 Nh5 25. Rh1 Ng7 26. Ng3 h5 27. Bf7 h4 28. Ne4 Rh6 29. Kd2 Nf5 30. Be6 Nd4 31. Bb3 Nxf3+ 32. Ke3 Nd4 33. c3 Nf5+ 34. Kf3 Ne7 35. Nf2 f5 36. Nh3 Nd5 37. Bxd5 cxd5 38. Re1 Kd6 39. Ng5 Rh5 40. Nf7+ Kc5 41. Nxe5 h3 42. Nd3+ Kd6 43. Nf4 Rh6 44. Rh1 Ke5 45. Rxh3 Rb6 46. Rh2 a5 47. Re2+ Kf6 48. Nxd5+ Kg5 49. Nxb6 Kg6 50. Nc4 1-0


[Site "https://www.chess.com"]

[Event "Titled Tuesday Blitz July 4 Early 2023"]
[White "Politov, Pavel Y."]
[Black "Kuchava, Ana"]
[WhiteFideId "24110515"]
[BlackFideId "13605348"]
[WhiteElo "2046"]
[BlackElo "2281"]
[Result "0-1"]
[Round "4"]
[TimeControl "180+2"]
[Date "2023.07.04"]
[WhiteClock "0:00:05"]
[BlackClock "0:00:07"]
[Board "231"]

1. e4 c5 2. Nf3 d6 3. d4 cxd4 4. Nxd4 Nf6 5. Nc3 Nc6 6. Bg5 e6 7. Qd3 Qb6 8. Nb3 a6 9. Be3 Qc7 10. f3 Be7 11. O-O-O b5 12. g4 b4 13. Ne2 Ne5 14. Qd4 Nxf3 15. Qxb4 d5 16. Qa5 Qxa5 17. Nxa5 Nxg4 18. Bd4 Nxd4 19. Rxd4 Nf2 20. Rg1 Bf6 21. exd5 Bxd4 22. Nxd4 exd5 23. Rg2 Ne4 24. Rxg7 Be6 25. Nxe6 fxe6 26. Bh3 Rf8 27. b3 Rf6 28. Rg8+ Rf8 29. Rxf8+ Kxf8 30. Bxe6 d4 31. Bd5 Re8 32. Nc6 Nc3 33. Bc4 Nxa2+ 34. Kb2 Nc3 35. Nxd4 Nb5 36. Nxb5 axb5 37. Bxb5 Re3 38. Bc6 Ke7 39. Bd5 Kd6 40. Bc4 Rh3 41. b4 Rxh2 42. Kb3 Rh3+ 43. c3 Kc7 44. Bd5 h5 45. Kc4 h4 46. Kb5 Rxc3 47. Ka4 Kb6 48. b5 h3 49. Kb4 Rg3 50. Kc4 h2 51. Kb4 Rg1 52. Bc4 h1=Q 53. Bd3 Rc1 0-1


[Site "https://www.chess.com"]

[Event "Titled Tuesday Blitz July 4 Early 2023"]
[White "Winkels, Marcel"]
[Black "Biriukov, Ilja"]
[WhiteFideId "1003887"]
[BlackFideId "4113373"]
[WhiteElo "2046"]
[BlackElo "2281"]
[Result "1-0"]
[Round "4"]
[TimeControl "180+2"]
[Date "2023.07.04"]
[WhiteClock "0:01:23"]
[BlackClock "0:00:12"]
[Board "232"]

1. e4 c5 2. Nf3 d6 3. d4 cxd4 4. Nxd4 Nf6 5. Nc3 a6 6. h3 e5 7. Nf3 h6 8. g4 Be6 9. Rg1 Be7 10. g5 hxg5 11. Nxg5 Qa5 12. Be3 Nbd7 13. Qd2 Nh5 14. Nxe6 fxe6 15. Bc4 Nf8 16. O-O-O b5 17. Bb3 Qc7 18. Kb1 O-O-O 19. a4 b4 20. Na2 a5 21. c3 bxc3 22. Nxc3 d5 23. Nb5 Qb7 24. Rc1+ Kb8 25. Qxa5 Rc8 26. Ba7+ Ka8 27. Rxc8+ Qxc8 28. Bb6+ Kb7 29. Qa7+ Kc6 30. Rc1+ 1-0


[Site "https://www.chess.com"]

[Event "Titled Tuesday Blitz July 4 Early 2023"]
[White "NtcPou"]
[Black "Zaksaite, Salomeja"]
[BlackFideId "12801496"]
[WhiteElo "2043"]
[BlackElo "2279"]
[Result "0-1"]
[Round "4"]
[TimeControl "180+2"]
[Date "2023.07.04"]
[WhiteClock "0:00:09"]
[BlackClock "0:00:23"]
[Board "233"]

1. e4 e5 2. Nf3 Nc6 3. Bc4 Nf6 4. d3 Be7 5. O-O O-O 6. Re1 d6 7. c3 Na5 8. Bb5 c5 9. Nbd2 a6 10. Ba4 b5 11. Bc2 Nc6 12. Nf1 Re8 13. Ng3 Bf8 14. h3 g6 15. d4 cxd4 16. cxd4 Nb4 17. Bb1 Bb7 18. a4 Bg7 19. Qb3 Nc6 20. axb5 Nxd4 21. Nxd4 exd4 22. bxa6 Bxa6 23. Ra3 d5 24. e5 Bc4 25. Rxa8 Qxa8 26. Qb6 Nd7 27. Qxd4 Nxe5 28. Kh1 Nd3 29. Rxe8+ Qxe8 30. Qb6 Qe1+ 31. Kh2 Qxc1 32. Bxd3 Bxd3 33. Qd8+ Bf8 34. Qxd5 Bc4 35. Qd4 Be6 36. b4 Qc7 37. Kh1 Bg7 38. Qe4 h5 39. Qa8+ Kh7 40. b5 Be5 41. Ne4 Qc1# 0-1


[Site "https://www.chess.com"]

[Event "Titled Tuesday Blitz July 4 Early 2023"]
[White "Lohani, Sujana"]
[Black "Martin, Lewis"]
[WhiteFideId "12311987"]
[BlackFideId "410551"]
[WhiteElo "1923"]
[BlackElo "2260"]
[Result "0-1"]
[Round "4"]
[TimeControl "180+2"]
[Date "2023.07.04"]
[WhiteClock "0:00:00"]
[BlackClock "0:01:07"]
[Board "235"]

1. d4 d5 2. Nf3 Nf6 3. c4 c6 4. g3 Bf5 5. Bg2 e6 6. O-O Nbd7 7. Nh4 Bg6 8. Nd2 Bd6 9. Nxg6 hxg6 10. e4 dxe4 11. Nxe4 Nxe4 12. Bxe4 Nf6 13. Bg2 Qe7 14. Re1 O-O-O 15. Qa4 Kb8 16. d5 cxd5 17. cxd5 e5 18. Be3 a6 19. Rac1 Rc8 20. a3 Qd7 21. Qa5 Rxc1 22. Rxc1 Ng4 23. Qb6 Nxe3 24. Qxe3 Rc8 25. Bf1 Rxc1 26. Qxc1 f5 27. Qg5 Qe8 28. b4 b5 29. Bg2 Kc7 30. h4 Be7 31. Qe3 Bd6 32. Qa7+ Kd8 33. Qxa6 Qd7 34. Bf1 Bc7 0-1


[Site "https://www.chess.com"]

[Event "Titled Tuesday Blitz July 4 Early 2023"]
[White "Vargas, Mauricio"]
[Black "laimis61"]
[WhiteFideId "4404572"]
[WhiteElo "1871"]
[BlackElo "2259"]
[Result "0-1"]
[Round "4"]
[TimeControl "180+2"]
[Date "2023.07.04"]
[WhiteClock "0:00:38"]
[BlackClock "0:01:18"]
[Board "236"]

1. e4 c5 2. Nc3 a6 3. f4 b5 4. Nf3 Bb7 5. Nd5 e6 6. Ne3 Bxe4 7. d3 Bb7 8. g3 Nf6 9. Bg2 d6 10. O-O Be7 11. Re1 O-O 12. a3 Nbd7 13. Bd2 Qc7 14. Bc3 a5 15. b4 cxb4 16. axb4 Qxc3 17. bxa5 Rxa5 18. Rb1 b4 19. Rb3 Qc5 20. Kh1 Rfa8 21. Re2 Ra1 22. Rb1 Qc3 23. Re1 Rxb1 24. Qxb1 Nc5 25. Nc4 Ng4 26. h3 Nh6 27. Kh2 b3 28. Nb6 bxc2 29. Qc1 Ra2 30. d4 Nb3 31. Qe3 Qxe3 32. Rxe3 c1=Q 33. Rxb3 Bxf3 34. Nd7 Rxg2# 0-1


[Site "https://www.chess.com"]

[Event "Titled Tuesday Blitz July 4 Early 2023"]
[White "Modric, Nesa"]
[Black "Castillo Pena, Patricia Evarista"]
[WhiteFideId "922579"]
[BlackFideId "6412106"]
[WhiteElo "2254"]
[BlackElo "1843"]
[Result "1-0"]
[Round "4"]
[TimeControl "180+2"]
[Date "2023.07.04"]
[WhiteClock "0:00:32"]
[BlackClock "0:00:00"]
[Board "237"]

1. d4 d5 2. Nf3 Nf6 3. Bg5 Ne4 4. Bh4 c5 5. e3 Nc6 6. c3 Qb6 7. Qc1 Bf5 8. Nbd2 cxd4 9. exd4 Rc8 10. Bg3 e6 11. Be2 Be7 12. O-O Nxg3 13. hxg3 O-O 14. Re1 Bf6 15. Nb3 Nb4 16. Nh4 Bxh4 17. gxh4 Nc2 18. g4 Nxa1 19. Nxa1 Bg6 20. h5 Bxh5 21. gxh5 e5 22. Nc2 Qf6 23. Qe3 e4 24. Qg3 a5 25. Ne3 Rcd8 26. a4 g6 27. Kg2 Kh8 28. hxg6 fxg6 29. Rh1 Kg8 30. Ng4 Qf4 31. Ne5 Qxg3+ 32. Kxg3 Rf6 33. f3 exf3 34. Bxf3 Rb6 35. Rh2 Rf6 36. b3 1-0


[Site "https://www.chess.com"]

[Event "Titled Tuesday Blitz July 4 Early 2023"]
[White "Sarana, Alexey"]
[Black "Nguyen, Ngoc Truong Son"]
[WhiteFideId "24133795"]
[BlackFideId "12401110"]
[WhiteElo "3048"]
[BlackElo "2915"]
[Result "1-0"]
[Round "5"]
[TimeControl "180+2"]
[Date "2023.07.04"]
[WhiteClock "0:00:50"]
[BlackClock "0:00:00"]
[Board "1"]

1. d4 Nf6 2. c4 e6 3. Nc3 d5 4. cxd5 exd5 5. Bg5 c6 6. e3 h6 7. Bh4 Bf5 8. Qf3 Be6 9. Bxf6 Qxf6 10. Qxf6 gxf6 11. Bd3 Nd7 12. Nge2 Nb6 13. Rc1 h5 14. h4 Bd6 15. f3 f5 16. Kf2 Ke7 17. Nf4 a5 18. Nce2 Kf6 19. Rhe1 Nd7 20. Ng3 Bxf4 21. exf4 Rac8 22. Rc3 b6 23. Ba6 Rc7 24. Rec1 c5 25. Bb5 Kg6 26. b3 Rhc8 27. Ne2 Nb8 28. Ke1 Kf6 29. a4 Ke7 30. Ng3 Kd6 31. Nxh5 Rh8 32. Ng7 Rcc8 33. Kf2 Rxh4 34. dxc5+ bxc5 35. Ne8+ Ke7 36. Rxc5 Rxc5 37. Rxc5 Rxf4 38. Rc7+ Nd7 39. Ng7 Rb4 40. Nxe6 fxe6 41. Rxd7+ Kf6 42. Ra7 Rxb3 43. Rxa5 f4 44. Ra6 Rb2+ 45. Kg1 Ke7 46. Rc6 e5 47. Ba6 Ra2 48. Bb7 Rxa4 49. Rc5 Rb4 50. Bxd5 Kd6 51. Ra5 1-0


[Site "https://www.chess.com"]

[Event "Titled Tuesday Blitz July 4 Early 2023"]
[White "Erdogmus, Yagiz Kaan"]
[Black "Mamedov, Rauf"]
[WhiteFideId "44599790"]
[BlackFideId "13401653"]
[WhiteElo "2906"]
[BlackElo "3039"]
[Result "0-1"]
[Round "5"]
[TimeControl "180+2"]
[Date "2023.07.04"]
[WhiteClock "0:00:01"]
[BlackClock "0:00:23"]
[Board "2"]

1. e4 c5 2. Nf3 Nc6 3. d4 cxd4 4. Nxd4 g6 5. Nc3 Bg7 6. Be3 Nf6 7. Bc4 O-O 8. Bb3 d6 9. f3 Bd7 10. Qd2 Nxd4 11. Bxd4 b5 12. h4 a5 13. h5 a4 14. Bxf6 exf6 15. Bd5 b4 16. Ne2 Rc8 17. hxg6 hxg6 18. Nf4 f5 19. Nxg6 Re8 20. g4 Qf6 21. gxf5 Bxf5 22. Nh4 Bh7 23. Rb1 Kf8 24. Qxb4 Rxc2 25. Qxa4 Rec8 26. Qa7 Qf4 27. Rd1 Bxb2 28. Kf1 Rc1 29. Kg2 R1c7 30. Qf2 Rc2 0-1


[Site "https://www.chess.com"]

[Event "Titled Tuesday Blitz July 4 Early 2023"]
[White "Martinez Alcantara, Jose Eduardo"]
[Black "Kosakowski, Jakub"]
[WhiteFideId "3805662"]
[BlackFideId "1185080"]
[WhiteElo "3032"]
[BlackElo "2858"]
[Result "1-0"]
[Round "5"]
[TimeControl "180+2"]
[Date "2023.07.04"]
[WhiteClock "0:01:32"]
[BlackClock "0:00:41"]
[Board "3"]

1. e4 c6 2. d4 d5 3. e5 Bf5 4. h4 h5 5. Bd3 Bxd3 6. Qxd3 Qa5+ 7. b4 Qa6 8. e6 Qxd3 9. cxd3 Nh6 10. Nd2 Na6 11. exf7+ Nxf7 12. a3 e5 13. Ngf3 exd4 14. Nxd4 Bd6 15. O-O O-O 16. N2f3 Ne5 17. Nxe5 Bxe5 18. Be3 Nc7 19. Rac1 Rae8 20. Rfe1 a6 21. g3 Nb5 22. Nxb5 axb5 23. Bc5 Bb2 24. Bxf8 Rxf8 25. Rc2 Bd4 26. Kg2 Ra8 27. Ra2 Kf7 28. Ree2 g6 29. f3 Bf6 30. f4 Bd4 31. Kf3 Kf6 32. g4 hxg4+ 33. Kxg4 Bb6 34. Re1 Bd4 35. Rae2 1-0


[Site "https://www.chess.com"]

[Event "Titled Tuesday Blitz July 4 Early 2023"]
[White "Terry, Renato"]
[Black "Rahman, Masruri"]
[WhiteFideId "3803457"]
[BlackFideId "7101163"]
[WhiteElo "2998"]
[BlackElo "2840"]
[Result "0-1"]
[Round "5"]
[TimeControl "180+2"]
[Date "2023.07.04"]
[WhiteClock "0:00:02"]
[BlackClock "0:00:04"]
[Board "4"]

1. d4 e6 2. c4 Nf6 3. Nf3 b6 4. g3 Ba6 5. Qa4 Bb7 6. Bg2 c5 7. dxc5 bxc5 8. O-O Be7 9. Nc3 O-O 10. Rd1 Qb6 11. Bf4 d6 12. Qb5 Rd8 13. Rd2 e5 14. Bg5 Nbd7 15. Rad1 Qc7 16. Nxe5 Bxg2 17. Nxd7 Bc6 18. Nxf6+ gxf6 19. Qb3 fxg5 20. Qc2 Qc8 21. Nd5 Bxd5 22. Rxd5 Qe6 23. R1d3 Qg6 24. Qa4 Bf8 25. Re3 h6 26. Kg2 Rdb8 27. b3 Rd8 28. Qa6 Rdb8 29. h3 Rb6 30. Qa4 a6 31. Qa5 Rab8 32. g4 Bg7 33. Qa4 Be5 34. Qa5 Qf6 35. Rf3 Qe6 36. Qd2 Kg7 37. Rfd3 Qf6 38. Rf3 Qg6 39. Rf5 Re8 40. e3 Re6 41. Qa5 Rb7 42. Qxa6 Rbe7 43. a4 Rf6 44. Rxf6 Qxf6 45. Qc6 Qe6 46. Rd3 f5 47. Qd5 Qf6 48. a5 Rf7 49. f3 fxg4 50. hxg4 Qe7 51. Rd2 Qa7 52. Ra2 Qa6 53. Qe4 Rb7 54. Qd3 Qc6 55. Qf5 Ra7 56. Qe6 Qb7 57. a6 Qxb3 58. Re2 Qb6 59. f4 Qc6+ 60. Kg3 gxf4+ 61. exf4 Bf6 62. Rd2 Rxa6 63. g5 hxg5 64. Rh2 Ra3+ 65. Kg4 Qf3+ 66. Kf5 Qxf4# 0-1


[Site "https://www.chess.com"]

[Event "Titled Tuesday Blitz July 4 Early 2023"]
[White "Korobov, Anton"]
[Black "Goltsev, Dmitry"]
[WhiteFideId "14105730"]
[BlackFideId "24176710"]
[WhiteElo "2986"]
[BlackElo "2824"]
[Result "1/2-1/2"]
[Round "5"]
[TimeControl "180+2"]
[Date "2023.07.04"]
[WhiteClock "0:00:15"]
[BlackClock "0:00:06"]
[Board "5"]

1. d4 Nf6 2. c4 e6 3. Nf3 b6 4. a3 Ba6 5. Qb3 d5 6. cxd5 Qxd5 7. Qc2 Bd6 8. Nc3 Qh5 9. e4 Bxf1 10. Rxf1 e5 11. dxe5 Bxe5 12. Nxe5 Qxe5 13. f4 Qh5 14. e5 Nfd7 15. Be3 O-O 16. Qe2 Qxe2+ 17. Kxe2 c6 18. Rad1 Re8 19. Rd6 Re6 20. Rfd1 Rxd6 21. Rxd6 Kf8 22. Kf3 Ke7 23. Ke4 Nf6+ 24. exf6+ Kxd6 25. fxg7 Nd7 26. Kf5 Rg8 27. Ne4+ Ke7 28. Bd4 c5 29. Bc3 f6 30. Nxf6 Nxf6 31. Bxf6+ Kf7 32. g4 Re8 33. h4 Re2 34. h5 Rh2 35. Kg5 Rg2 36. h6 b5 37. Kf5 b4 38. g5 bxa3 39. bxa3 c4 40. Ke4 Re2+ 41. Kd4 Re8 42. Kxc4 Re4+ 43. Bd4 Rxf4 44. Kc3 a6 45. Bf6 Rg4 46. Kb3 Kg8 47. a4 Kf7 48. a5 Kg8 49. Bd8 Kf7 50. Kc3 Kg8 51. Kd3 Kf7 52. Ke3 Kg8 53. Kf3 Rd4 54. Bb6 Rc4 55. Kg3 Kf7 56. Kf3 Ra4 57. Kg3 1/2-1/2


[Site "https://www.chess.com"]

[Event "Titled Tuesday Blitz July 4 Early 2023"]
[White "Indjic, Aleksandar"]
[Black "Tristan, Leonardo"]
[WhiteFideId "911925"]
[BlackFideId "113816"]
[WhiteElo "2981"]
[BlackElo "2787"]
[Result "1-0"]
[Round "5"]
[TimeControl "180+2"]
[Date "2023.07.04"]
[WhiteClock "0:00:40"]
[BlackClock "0:00:00"]
[Board "6"]

1. d4 d5 2. c4 e6 3. Nc3 a6 4. cxd5 exd5 5. Nf3 Nf6 6. Bg5 Be6 7. e3 Nbd7 8. Nd2 h6 9. Bh4 Bd6 10. Bd3 c6 11. O-O Qc7 12. f4 g5 13. Bg3 Bg4 14. Qe1 O-O-O 15. Rc1 Rde8 16. Qf2 Kb8 17. e4 dxe4 18. Ndxe4 Nxe4 19. Nxe4 Bxf4 20. Bxf4 gxf4 21. Qxf4 Qxf4 22. Rxf4 Be6 23. b3 Re7 24. Bc4 Rhe8 25. Nd6 Rg8 26. Re1 Kc7 27. Nf5 Ree8 28. Bxe6 Rxe6 29. Rxe6 fxe6 30. Nxh6 Re8 31. Nf7 Re7 32. h4 Nf8 33. h5 Nh7 34. g4 c5 35. dxc5 e5 36. Rf5 e4 37. Kf2 Kc6 38. Ke3 Kb5 39. g5 Kb4 40. g6 Nf8 41. g7 Rxf7 42. Rxf7 1-0


[Site "https://www.chess.com"]

[Event "Titled Tuesday Blitz July 4 Early 2023"]
[White "Chigaev, Maksim"]
[Black "Czopor, Maciej"]
[WhiteFideId "4108116"]
[BlackFideId "21805431"]
[WhiteElo "2938"]
[BlackElo "2715"]
[Result "1-0"]
[Round "5"]
[TimeControl "180+2"]
[Date "2023.07.04"]
[WhiteClock "0:00:18"]
[BlackClock "0:00:07"]
[Board "7"]

1. e4 c5 2. Nf3 d6 3. d4 cxd4 4. Nxd4 Nf6 5. Nc3 a6 6. f4 e5 7. Nb3 Nbd7 8. g4 h6 9. g5 hxg5 10. fxg5 Nh5 11. Qf3 Be7 12. Nd5 b5 13. a4 bxa4 14. Rxa4 Bb7 15. Bc4 Nf4 16. h4 Bxd5 17. Bxd5 Rc8 18. c3 Nb6 19. Rxa6 Nbxd5 20. exd5 O-O 21. Bxf4 exf4 22. Nd4 Re8 23. O-O Qd7 24. Qxf4 Bf8 25. Nc6 Rc7 26. Qf5 Qxf5 27. Rxf5 Re4 28. h5 g6 29. hxg6 fxg6 30. Rf3 Rg4+ 31. Kf2 Rxg5 32. Ra8 Rd7 1-0


[Site "https://www.chess.com"]

[Event "Titled Tuesday Blitz July 4 Early 2023"]
[White "Ismagilov, Damir"]
[Black "Svane, Rasmus"]
[WhiteFideId "34199982"]
[BlackFideId "4657101"]
[WhiteElo "2568"]
[BlackElo "2925"]
[Result "0-1"]
[Round "5"]
[TimeControl "180+2"]
[Date "2023.07.04"]
[WhiteClock "0:00:08"]
[BlackClock "0:00:36"]
[Board "8"]

1. e4 c6 2. Nf3 d5 3. d3 Bg4 4. Be2 e6 5. O-O Bd6 6. h3 Bh5 7. c4 Ne7 8. Nc3 dxc4 9. dxc4 O-O 10. Be3 e5 11. Qc2 Na6 12. Rad1 Qc7 13. a3 Bc5 14. Qc1 Bxf3 15. Bxf3 Bxe3 16. Qxe3 Rfe8 17. Bg4 Nb8 18. Rd2 Ng6 19. Rfd1 Nf8 20. g3 a5 21. Na4 Na6 22. Nc5 Qb6 23. Nxa6 Qxe3 24. fxe3 Rxa6 25. Rd8 Ra8 26. Rxe8 Rxe8 27. Kf2 g6 28. h4 Kg7 29. Ke2 Kf6 30. Bh3 Ke7 31. Rd3 b6 32. Rb3 Rb8 33. a4 Kd6 34. Rd3+ Kc7 35. Kd2 Rd8 36. Rxd8 Kxd8 37. Kc3 Kc7 38. b4 c5 39. b5 Kd6 40. Kd3 Ke7 41. Ke2 Kf6 42. Bc8 h6 43. Kf3 Nh7 44. Bd7 Ke7 45. Bc8 Nf6 46. Bb7 Kf8 47. Bd5 Kg7 48. g4 Ne8 49. Bc6 Nd6 50. Bd5 Kf6 51. Kg3 Ke7 52. Kf3 Ne8 53. Kg3 Nf6 54. Kf3 h5 55. g5 Nh7 56. Bc6 f6 57. gxf6+ Kxf6 58. Be8 Kg7 59. Kg3 Kh6 60. Bd7 Nf8 61. Bh3 g5 62. Bf5 gxh4+ 63. Kxh4 Ng6+ 64. Kg3 Kg5 65. Kh3 Nh4 66. Be6 Nf3 67. Bd5 Nd2 68. Kg3 Nb1 69. Bf7 Nc3 70. Kh3 Nxe4 71. Bd5 Nc3 72. Bf3 Nxa4 73. Bd1 Nc3 74. Bxh5 Kxh5 75. Kg3 a4 76. Kf3 a3 77. e4 a2 78. Ke3 a1=Q 79. Kd2 Nxe4+ 80. Kd3 Qd4+ 81. Kc2 Qc3+ 82. Kb1 Nd2+ 83. Ka2 Qb3+ 84. Ka1 Qa3# 0-1


[Site "https://www.chess.com"]

[Event "Titled Tuesday Blitz July 4 Early 2023"]
[White "Durarbayli, Vasif"]
[Black "Leebit02"]
[WhiteFideId "13402935"]
[WhiteElo "2921"]
[BlackElo "2549"]
[Result "1-0"]
[Round "5"]
[TimeControl "180+2"]
[Date "2023.07.04"]
[WhiteClock "0:00:15"]
[BlackClock "0:00:00"]
[Board "9"]

1. e4 c5 2. Nf3 e6 3. d4 cxd4 4. Nxd4 Nc6 5. Nc3 Nf6 6. Nxc6 bxc6 7. e5 Nd5 8. Ne4 Bb7 9. Nd6+ Bxd6 10. exd6 c5 11. c4 Nb4 12. a3 Nc6 13. Be3 Qf6 14. Qd2 Ba6 15. Bxc5 Rb8 16. Bb4 Qe5+ 17. Qe2 Bxc4 18. Qxe5 Nxe5 19. Bc3 Bxf1 20. Rxf1 Nc4 21. O-O-O f6 22. Rd4 Rc8 23. f4 Kf7 24. Rfd1 Nxa3 25. Rb4 Nc4 26. Rb7 Rhd8 27. Rxa7 Rc6 28. Rc7 Nxd6 29. Rxc6 dxc6 30. Ba5 Rd7 31. Bb4 Ke7 32. g4 e5 33. f5 g6 34. Bc5 gxf5 35. gxf5 1-0


[Site "https://www.chess.com"]

[Event "Titled Tuesday Blitz July 4 Early 2023"]
[White "Vokhidov, Shamsiddin"]
[Black "Nihal Sarin"]
[WhiteFideId "14204223"]
[BlackFideId "25092340"]
[WhiteElo "2911"]
[BlackElo "3125"]
[Result "1/2-1/2"]
[Round "5"]
[TimeControl "180+2"]
[Date "2023.07.04"]
[WhiteClock "0:00:07"]
[BlackClock "0:00:08"]
[Board "10"]

1. e4 c5 2. Nf3 d6 3. Bb5+ Nd7 4. a4 Nf6 5. Nc3 a6 6. Be2 g6 7. d4 cxd4 8. Nxd4 Bg7 9. Be3 O-O 10. O-O b6 11. Nc6 Qe8 12. Nd5 Nxd5 13. Qxd5 Bb7 14. Nxe7+ Qxe7 15. Qxb7 Bxb2 16. Rab1 Bf6 17. Rfd1 Rfd8 18. Bxb6 Rdb8 19. Qc6 Nxb6 20. Rxb6 Rxb6 21. Qxa8+ Kg7 22. Bxa6 d5 23. exd5 Bd4 24. d6 Qxd6 25. Be2 Qc5 26. Rf1 Qxc2 27. Qf3 Rb2 28. Qd3 Qxa4 29. Qc4 Qa7 30. g3 Rd2 31. Kg2 h5 32. h4 Qb6 33. Qb5 Qa7 34. Qc4 Kh7 35. Qa6 Qe7 36. Bf3 Qe3 37. Qb7 Kg7 38. Qe4 Rxf2+ 39. Rxf2 Qxf2+ 40. Kh3 Bc5 41. Qe5+ Kh7 42. Qd5 Kg8 43. Bg2 Bd4 44. Be4 Kg7 45. Bg2 Qe3 46. Qe4 Qc3 47. Qf3 Qc5 48. Kh2 Be5 49. Qe4 Qc3 50. Qf3 Qd4 51. Qe4 Qd6 52. Qf3 f5 53. Bf1 Qd4 54. Bg2 Qxh4+ 55. Bh3 Qd4 56. Kg2 Qd2+ 57. Kh1 Qe1+ 58. Kg2 Qd2+ 59. Kh1 Qd4 60. Kg2 Kh6 61. Qf2 Qe4+ 62. Qf3 Qd4 63. Qf2 Qd6 64. Qe3+ Kg7 65. Qa7+ Kf6 66. Qe3 Qd5+ 67. Qf3 Qd2+ 68. Qf2 Qd6 69. Qf3 Qd2+ 70. Qf2 Qd5+ 71. Qf3 Qxf3+ 72. Kxf3 g5 73. Bf1 g4+ 74. Kg2 Kg5 75. Bd3 Bd4 76. Bc2 Bc5 77. Bd3 Bd6 78. Bc2 f4 79. gxf4+ Bxf4 80. Bd3 h4 81. Bb5 h3+ 82. Kg1 g3 83. Bc6 Be3+ 84. Kf1 Kf4 85. Bb7 Kf5 86. Bc8+ Kf4 87. Bxh3 Kf3 88. Bg2+ Kf4 89. Ke2 Bd4 1/2-1/2


[Site "https://www.chess.com"]

[Event "Titled Tuesday Blitz July 4 Early 2023"]
[White "Zhigalko, Sergei"]
[Black "Dubov, Daniil"]
[WhiteFideId "13502956"]
[BlackFideId "24126055"]
[WhiteElo "2902"]
[BlackElo "3084"]
[Result "0-1"]
[Round "5"]
[TimeControl "180+2"]
[Date "2023.07.04"]
[WhiteClock "0:00:02"]
[BlackClock "0:00:09"]
[Board "11"]

1. e4 e5 2. Nf3 Nc6 3. Bb5 a6 4. Ba4 Nf6 5. O-O b5 6. Bb3 Bc5 7. Nc3 d6 8. a4 Rb8 9. axb5 axb5 10. d3 h6 11. h3 O-O 12. Be3 Bxe3 13. fxe3 Nb4 14. Nh4 c5 15. Nf5 Bxf5 16. Rxf5 g6 17. Rf2 Kg7 18. Qf3 Qe7 19. Raf1 Nh7 20. Qxf7+ Rxf7 21. Rxf7+ Qxf7 22. Rxf7+ Kh8 23. Nd5 Nxd5 24. Bxd5 Rd8 25. h4 b4 26. g3 h5 27. Kg2 Rf8 28. Rd7 Nf6 29. Rf7 Rxf7 30. Bxf7 Kg7 31. Be6 Kh6 32. Kf3 g5 33. c3 bxc3 34. bxc3 Ne8 35. d4 Nf6 36. Bf5 Ne8 37. Ke2 Nf6 38. Kd3 gxh4 39. gxh4 Ng4 40. dxc5 dxc5 41. Bc8 Nf2+ 42. Kc4 Nxe4 43. Bf5 Nd6+ 44. Kxc5 Nxf5 45. e4 Nxh4 46. Kd5 Nf3 47. c4 h4 48. c5 Nd4 49. Kxe5 h3 50. Kxd4 h2 51. c6 h1=Q 52. Kd5 Qd1+ 53. Ke6 Qb3+ 54. Kd7 Qf7+ 55. Kc8 Qe6+ 56. Kb7 Qxe4 57. Kb6 Qb4+ 58. Ka6 Qc5 59. Kb7 Qb5+ 60. Kc7 Kg6 61. Kd6 Qb6 62. Kd7 Qd4+ 63. Kc8 Kf7 64. c7 Ke7 65. Kb8 Qb4+ 66. Ka8 Kd7 67. c8=Q+ Kxc8 68. Ka7 Qa5# 0-1


[Site "https://www.chess.com"]

[Event "Titled Tuesday Blitz July 4 Early 2023"]
[White "Lazavik, Denis"]
[Black "Grandelius, Nils"]
[WhiteFideId "13515110"]
[BlackFideId "1710400"]
[WhiteElo "3051"]
[BlackElo "2903"]
[Result "1/2-1/2"]
[Round "5"]
[TimeControl "180+2"]
[Date "2023.07.04"]
[WhiteClock "0:00:42"]
[BlackClock "0:00:43"]
[Board "12"]

1. d4 d5 2. c4 c6 3. Nf3 Nf6 4. Qc2 dxc4 5. Qxc4 Bf5 6. g3 e6 7. Bg2 Be7 8. O-O O-O 9. Qb3 Qb6 10. Nbd2 Rd8 11. Nc4 Qa6 12. Bd2 Be4 13. Rfc1 Nbd7 14. Bb4 c5 15. dxc5 Nxc5 16. Qa3 Qxa3 17. Bxa3 Kf8 18. Nfe5 Bxg2 19. Kxg2 Ncd7 20. Bxe7+ Kxe7 21. Nd3 b6 22. Nce5 Nxe5 23. Nxe5 Rd2 24. Rc7+ Kd6 25. Nc4+ Kxc7 26. Nxd2 Rd8 27. Rc1+ Kb7 28. Nf3 Ne4 29. Rc4 Nd2 30. Rc2 Nxf3 31. Kxf3 h5 32. Ke4 Rd5 33. h4 a5 34. e3 g6 35. Kf3 Rf5+ 1/2-1/2


[Site "https://www.chess.com"]

[Event "Titled Tuesday Blitz July 4 Early 2023"]
[White "Bluebaum, Matthias"]
[Black "Demidov, Mikhail"]
[WhiteFideId "24651516"]
[BlackFideId "4197143"]
[WhiteElo "3033"]
[BlackElo "2883"]
[Result "0-1"]
[Round "5"]
[TimeControl "180+2"]
[Date "2023.07.04"]
[WhiteClock "0:00:03"]
[BlackClock "0:00:13"]
[Board "13"]

1. d4 g6 2. c4 Bg7 3. e4 Nc6 4. Nf3 d6 5. d5 Nb8 6. Be2 Bg4 7. O-O Bxf3 8. Bxf3 Nf6 9. Nc3 O-O 10. h3 c6 11. Re1 Nfd7 12. Bf4 a5 13. Qd2 Na6 14. Rad1 Nac5 15. Bg3 a4 16. Qe3 Qb6 17. Rb1 Qb4 18. Be2 a3 19. e5 Nxe5 20. bxa3 Qxa3 21. Rec1 Rfe8 22. Kh2 h5 23. f4 Ned7 24. Bf2 e5 25. f5 gxf5 26. Bxh5 f4 27. Qf3 e4 28. Qd1 Bxc3 29. dxc6 bxc6 30. Qxd6 Be5 31. Qh6 Ne6 32. Rd1 Ndf8 33. Rb7 Re7 34. Rb3 Qxa2 35. Rdb1 Bg7 36. Bxf7+ Rxf7 37. Qh4 Ng6 38. Qg4 Nef8 39. Bh4 f3 40. Rb7 Rxb7 41. Rxb7 Qxg2+ 42. Qxg2 fxg2 43. Bf2 Nf4 44. Be3 N8e6 45. Re7 Ra1 46. Kg3 g1=Q+ 47. Bxg1 Rxg1+ 48. Kf2 Ra1 49. Rb7 Bd4+ 50. Kg3 Rg1+ 51. Kh4 Bf6# 0-1


[Site "https://www.chess.com"]